 Dungeon Crawl Stone Soup version 0.27-a0-1434-g6f15984 (webtiles) character file.

Game seed: 2874058154814541649

1 Meow the Chiller (level 1, 10/14 HPs)
             Began as a Ghoul Ice Elementalist on July 3, 2021.
             Quit the game on level 1 of the Dungeon.
             The game lasted 00:01:08 (158 turns).

Meow the Chiller (Ghoul Ice Elementalist)            Turns: 158, Time: 00:01:09

Health: 10/14      AC:  2    Str: 11    XL:     1   Next: 20%
Magic:  2/2        EV: 12    Int: 10    God:
Gold:   0          SH:  0    Dex:  9    Spells: 2/3 levels left

rFire    . . .     SeeInvis .   (no weapon)
rCold    + . .     Faith    .   (no shield)
rNeg     + + +     Spirit   .   a - +0 robe
rPois    ∞         Reflect  .   (no helmet)
rElec    .         Harm     .   (no cloak)
rCorr    .         Rampage  .   (no gloves)
Will     .....                  (no boots)
Stlth    ++........             (no amulet)
HPRegen  0.04/turn              (no ring)
MPRegen  0.08/turn              (no ring)

@: no status effects
A: claws 1, cold resistance 1, negative energy resistance 3, inhibited
regeneration, torment resistance 2
a: no special abilities


You were on level 1 of the Dungeon.
You visited 1 branch of the dungeon, and saw 1 of its levels.

Inventory:

Armour
 a - a +0 robe (worn)
Potions
 b - a potion of curing {unknown}


   Skills:
 - Level 1.7 Dodging
 - Level 2.1 Stealth
 + Level 1.7 Spellcasting
 + Level 4.4 Ice Magic


You had 2 spell levels left.
You knew the following spells:

 Your Spells              Type           Power      Damage    Failure   Level
a - Freeze                Ice            36%        1d6       5%          1

Your spell library contained the following spells:

 Spells                   Type           Power      Damage    Failure   Level
 Frozen Ramparts          Ice            18%        1d3       16%         3
 Ozocubu's Armour         Ice            9%         N/A       16%         3
 Hailstorm                Conj/Ice       5%         3d4       77%         4


Dungeon Overview and Level Annotations

Branches:
Dungeon (1/15)

Altars:

Shops:
D:1 [


Innate Abilities, Weirdness & Mutations

You thrive by killing the living.
You are immune to poison.
You have sharp fingernails.
Your flesh is cold resistant. (rC+)
You are immune to negative energy. (rN+++)
You do not regenerate when monsters are visible.
You are immune to unholy pain and torment.


Message History

Why would you want to do that?
There is an open door here.
You open the door.
There is an open door here.
You open the door.
There is an open door here.
You open the door.
An endoplasm comes into view.
Found a pink potion.
Found a stone staircase leading down.
There is an open door here.
The endoplasm quivers.
Casting: Freeze (safe; 5% risk of failure)
Confirm with . or Enter, or press ? or * to list all spells.
Aiming: Freeze (safe; 5% risk of failure)
Press: ? - help, Shift-Dir - straight line, f - endoplasm
Aim: an endoplasm You freeze the endoplasm.
The endoplasm is almost dead.
The endoplasm freezes you.
You are frozen.
You resist.
Casting: Freeze (safe; 5% risk of failure)
Confirm with . or Enter, or press ? or * to list all spells.
Aiming: Freeze (safe; 5% risk of failure)
Press: ? - help, Shift-Dir - straight line, f/p - endoplasm
Aim: an endoplasm (almost dead)
You freeze the endoplasm.
You kill the endoplasm!
You feel better.
Unknown command.
You start resting.
Magic restored.
b - a pink potion
Found Mameom's Armour Shop.
There is an entrance to Mameom's Armour Shop here.
A dart slug comes into view.
The dart slug launches a dart at you. The slug dart hits you.
There is an open door here.
There is an open door here.
Are you sure you want to abandon this character and quit the game? (Confirm with "yes".)

##......# ##......##
#......## #######
#^....##.##.....##
#.....#.##.#####.##
#.....#≈#.'#...##.#
#.....#.#.#.##'.#.#
##....#.#≈#≈#<#.#.#
#####....#.@.#.###.#.#
#........#.#.##...##.#
#........#.##.#####.##
#........##.##.....##
#.........##.#######.#
#..........##.......# .
#.....∩.....####'####..
#......................#
#####..............##..#


There were no monsters in sight!

Vanquished Creatures
  An endoplasm (D:1)
1 creature vanquished.

Notes
Turn   | Place    | Note
-------+----------+-------------------------------------------
     0 | D:1      | Meow the Ghoul Ice Elementalist began the quest for the
                  | Orb.
     0 | D:1      | Reached XP level 1. HP: 14/14 MP: 2/2
   108 | D:1      | Found Mameom's Armour Shop.
   158 | D:1      | Quit the game

Illustrated notes

Levels and vault maps discovered:
D:1:      evilmike_arrival_rings, layout_rooms,
          hellmonk_ecumenical_altar_prayer_group, serial_shops, shop

Action                   || total
-------------------------++-------
 Cast: Freeze            ||     2

Table legend: (Time is in decaauts)
 A = Elapsed time spent in this place.
 B = Non-inter-level travel time spent in this place.
 C = Inter-level travel time spent in this place.
 D = Time resting spent in this place.
 E = Time spent auto-exploring this place.
 F = Levels seen in this place.
 G = Mean time per level.
                   A        B        C        D        E       F      G
               +--------+--------+--------+--------+--------+-----+--------+
         Total |    158 |    158 |      0 |     23 |     47 |   1 |  158.0 |
       Dungeon |    158 |    158 |      0 |     23 |     47 |   1 |  158.0 |
               +--------+--------+--------+--------+--------+-----+--------+

Top non-repeatable levels by time:
     D:1: 158 daAuts
